cohdb
Replays
Latest Replays
All Replays
Popular Replays
Top Player Replays
Match Explorer
How It Works
Community
CoH3 Stats
Reddit
Sign in to upload your games and track your stats! →
Sign in with Steam
Match 45202214
Unlisted
Match 45202214
Overview
Messages
Build Orders
End
Selects Italian Combined Arms Battlegroup
Selects Bersaglieri Squad
Bersaglieri Squad
Panzerpioneer Squad
Bersaglieri Squad
Bersaglieri Squad
Construct Light Support Kompanie
Bersaglieri Squad
Selects Bersaglieri Bolster
Construct Mechanized Kompanie
Veteran Squad Leaders
Selects Breda Model 30 Light Machine Guns
8 Rad Armored Car
Panzerjäger Mechanized Group
2.5-tonne Medical Truck
Selects Semovente da 75/18 Assault Gun
Construct Panzerarmee Kommand
Armored Reserves
Tiger Heavy Tank
Emergency Repair Kits
Panzer III L Medium Tank
Pie-Eater
Window Shopping
0
0
Comments
sign in to comment!
No comments posted yet!